 Dungeon Crawl Stone Soup version 0.21-a0-286-g6fcecc0 (webtiles) character file.

68 tidbits the Shield-Bearer (level 4, -2/38 HPs)
             Began as a Draconian Fighter on Sept 26, 2017.
             Slain by a scorpion (4 damage)
             ... on level 4 of the Dungeon.
             The game lasted 00:05:40 (1147 turns).

tidbits the Shield-Bearer (Draconian Fighter)       Turns: 1147, Time: 00:05:41

Health: -2/38      AC:  5    Str: 18    XL:     4   Next: 1%
Magic:  4/4        EV: 13    Int: 10    God:
Gold:   85         SH: 13    Dex: 10    Spells: 3/3 levels left

rFire    . . .     SeeInvis .     - Unarmed
rCold    . . .     Gourm    .   j - +0 large shield
rNeg     . . .     Faith    .   (armour unavailable)
rPois    .         Spirit   .   (helmet restricted)
rElec    .         Reflect  .   (no cloak)
rCorr    .         Harm     .   (no gloves)
MR       .....                  (no boots)
Stlth    +.........             (no amulet)
HPRegen  0.12/turn              V - +5 ring of evasion
MPRegen  0.09/turn              (no ring)

@: lethally poisoned (-2 -> -7)
A: unfitting armour, cold-blooded, AC +5
a: no special abilities


You were on level 4 of the Dungeon.
You were not hungry.

You visited 1 branch of the dungeon, and saw 4 of its levels.

You collected 85 gold pieces.

Inventory:

Hand Weapons
 c - a +1 hunting sling
Missiles
 g - 43 arrows
 i - 105 stones (quivered)
 s - 19 sling bullets
Armour
 a - a +0 shield
 j - a +0 large shield (worn)
Magical Staves
 t - an uncursed staff of death
   (You found it on level 4 of the Dungeon)
Jewellery
 f - an uncursed ring of fire
   (You found it on level 1 of the Dungeon)
 V - a +5 ring of evasion (left hand)
   (You found it on level 1 of the Dungeon)
Wands
 r - a wand of enslavement (6/24)
Scrolls
 e - 3 scrolls of enchant weapon
 k - 2 scrolls of identify {unknown}
 l - a scroll of recharging {unknown}
 u - a scroll of remove curse {unknown}
Potions
 b - a potion of might
 d - 2 potions of curing {unknown}
 h - 3 potions of haste {unknown}
 q - a potion of heal wounds {unknown}
Comestibles
 m - 4 meat rations
 n - 3 bread rations
 o - 2 chunks of flesh
 p - a royal jelly


   Skills:
 - Level 3.2 Fighting
 - Level 2.6 Dodging
 + Level 3.7 Shields
 * Level 3.6 Unarmed Combat


You had 3 spell levels left.
You didn't know any spells.

Dungeon Overview and Level Annotations

Branches:
Dungeon (4/15)
 Temple: D:4-7

Altars:


Innate Abilities, Weirdness & Mutations

Your plain brown scales are hard. (AC +5)
You cannot fit into any form of body armour.
You are cold-blooded and may be slowed by cold attacks.


Message History

You hit the orc but do no damage. You tail-slap the orc.
You kill the orc!
You hit the hobgoblin.
The hobgoblin is severely wounded.
You block the hobgoblin's attack.
You barely miss the hobgoblin.
The hobgoblin is severely wounded.
You feel sick.
You are no longer poisoned.
You block the hobgoblin's attack.
You hit the hobgoblin.
You kill the hobgoblin!
You have reached level 4!
You feel clever.
Things that are here:
a mace; a chain mail; a short sword There isn't anything to butcher here.
Unknown command.
Found 19 sling bullets.
There is a stone staircase leading down here.
You see here 19 sling bullets.
s - 19 sling bullets
There is a stone staircase leading down here.
You climb downwards.
Found a scroll labeled SACHONL QANTU.
There is a stone staircase leading up here.
k - 2 scrolls labeled SACHONL QANTU (gained 1)
Found a thick glowing staff.
Found a rapier.
Found 12 stones and a scroll labeled MECWONT SEIRU.
You see here a thick glowing staff.
t - a thick glowing staff Wield which item (- for none, * to show all)? (? for menu, Esc to quit)
t - an uncursed staff of death (weapon)
Wield which item (- for none, * to show all)? (? for menu, Esc to quit)
You are now empty-handed.
u - a scroll labeled MECWONT SEIRU
Found a meat ration.
m - 4 meat rations (gained 1)
Found 13 gold pieces.
A scorpion comes into view.
You see here 13 gold pieces.
You now have 85 gold pieces (gained 13).
You block the scorpion's attack.
Your shield prevents you from hitting the scorpion.
You tail-slap the scorpion, but do no damage.
The scorpion stings you.
You barely miss the scorpion.
Your tail-slap misses the scorpion.
You block the scorpion's attack. The scorpion barely misses you.
You hit the scorpion but do no damage.
Your tail-slap misses the scorpion.
The scorpion stings you but does no damage.
You hit the scorpion.
The scorpion is lightly wounded.
You block the scorpion's attack.
You hit the scorpion.
The scorpion is moderately wounded.
The scorpion barely misses you.
You barely miss the scorpion.
The scorpion is moderately wounded.
The scorpion misses you.
You hit the scorpion.
The scorpion is heavily wounded.
You block the scorpion's attack.
You hit the scorpion.
The scorpion is heavily wounded.
The scorpion barely misses you.
You hit the scorpion but do no damage.
The scorpion is heavily wounded.
You block the scorpion's attack.
You hit the scorpion but do no damage.
You tail-slap the scorpion, but do no damage.
The scorpion is heavily wounded.
The scorpion barely misses you. You block the scorpion's attack.
You closely miss the scorpion.
The scorpion is heavily wounded.
You block the scorpion's attack.
You hit the scorpion but do no damage.
Your tail-slap misses the scorpion.
The scorpion is heavily wounded.
The scorpion stings you!
You hit the scorpion but do no damage.
Your tail-slap misses the scorpion.
The scorpion is heavily wounded.
The scorpion misses you.
You hit the scorpion.
The scorpion is heavily wounded.
The scorpion stings you!
* * * LOW HITPOINT WARNING * * *
You are poisoned.
The scorpion poisons you!
You hit the scorpion.
The scorpion is severely wounded.
You feel sick. You block the scorpion's attack.
You hit the scorpion.
The scorpion is severely wounded.
You feel sick. The scorpion stings you!
* * * LOW HITPOINT WARNING * * *
You hit the scorpion but do no damage. You tail-slap the scorpion.
The scorpion is almost dead.
* * * LOW HITPOINT WARNING * * *
You feel sick. The scorpion stings you.
You die...

#...........##
#.....####..## ##.....##
##..# #.......# #..#
##..##....# ##..
#..####...# ##.. ##..#
##....#... ...#####..##
#........ ......s@..#
#....#.. ..........#
####..###.
............###....## ##
...................# ##
.#.#...............####.
#......................
#......................
+.#....................
##...................


You could see a scorpion.

Vanquished Creatures
  2 adders
  An ooze (D:3)
  A dart slug (D:2)
  2 leopard geckos (D:1)
  7 orcs (D:3)
  A giant cockroach (D:2)
  2 goblins
  3 hobgoblins
  5 kobolds
  2 quokkas (D:3)
  2 bats
  8 rats
36 creatures vanquished.

Notes
Turn   | Place    | Note
-------+----------+-------------------------------------------
     0 | D:1      | tidbits the Draconian Fighter began the quest for the Orb.
     0 | D:1      | Reached XP level 1. HP: 19/19 MP: 1/1
   312 | D:1      | Reached XP level 2. HP: 24/26 MP: 2/2
   679 | D:3      | Reached skill level 3 in Unarmed Combat
   806 | D:3      | Reached XP level 3. HP: 27/31 MP: 3/3
  1030 | D:3      | Reached XP level 4. HP: 22/38 MP: 4/4
  1146 | D:4      | HP: 3/38 [scorpion (10)]
  1147 | D:4      | Slain by a scorpion

Vault maps used:
D:1:      dpeg_arrival_prison
D:3:      first_bread, serial_glass, glass_columns_a, glass_columns_c,
          glass_columns_a, glass_columns_a, lemuel_old_faithful
D:4:      grunt_temple_overflow_lords_of_destruction, serial_shops,
          nicolae_shop_behind_doors, hangedman_abyss_or_decor_stagger,
          nrook_loot_triangle

Skill      XL: |  1  2 |
---------------+-------+-----
Unarmed Combat | 3 |  3.6
Fighting       | |  3.2
Dodging        | |  2.6
Shields        | |  3.7

Action                   |  1- 3 |  4- 6 || total
-------------------------+-------+-------++-------
Melee: Unarmed           |   146 |    17 ||   163
       Tailslap          |    20 |     3 ||    23
  Use: Scroll            |     1 |       ||     1
  Eat: Chunk             |     1 |       ||     1
Armor: Skin              |    22 |     1 ||    23
Dodge: Dodged            |    39 |     6 ||    45
Block: Shield            |    17 |       ||    17
       Large shield      |    53 |     8 ||    61

Table legend:
 A = Spawn XP
 B = Non-spawn XP
 C = Spawn XP percentage of total XP
 D = Spawn monster count
 E = Non-spawn monster count
 F = Spawn count percentage of total count
 G = Total turns spent on level
                    A         B        C        D         E        F      G
               +---------+---------+-------+---------+---------+-------+---------
         Total |       0 |      98 |   0.0 |       0 |      36 |   0.0 |  1147
               +---------+---------+-------+---------+---------+-------+---------
           D:1 |       0 |      22 |   0.0 |       0 |      14 |   0.0 |   543
           D:2 |       0 |      24 |   0.0 |       0 |       6 |   0.0 |   195
           D:3 |       0 |      52 |   0.0 |       0 |      16 |   0.0 |   325
               +---------+---------+-------+---------+---------+-------+---------

Table legend:
 A = Turns spent in this place as a percentage of turns spent in the entire game.
 B = Non-inter-level travel turns spent in this place as a percentage of non-inter-level travel turns spent in the entire game.
 C = Inter-level travel turns spent in this place as a percentage of turns spent in this place.
 D = Turns resting spent in this place as a percentage of non-inter-level travel turns spent in this place.
 E = Turns spent auto-exploring this place as a percentage of non-inter-level travel turns spent in this place.
 F = Non-inter-level travel turns spent in this place divided by the number of levels of this place that you've seen.
                   A       B       C       D       E      F
               +-------+-------+-------+-------+-------+----------------------
         Total | 100.0 | 100.0 |   0.0 |   0.0 |   0.0 | 286.8
       Dungeon | 100.0 | 100.0 |   0.0 |   0.0 |   0.0 | 286.8
               +-------+-------+-------+-------+-------+----------------------

Table legend:
 A = Kills in this place as a percentage of kills in entire the game.
 B = Kills by you in this place as a percentage of kills by you in the entire game.
 C = Kills by friends in this place as a percentage of kills by friends in the entire game.
 D = Other kills in this place as a percentage of other kills in the entire game.
 E = Experience gained in this place as a percentage of experience gained in the entire game.
 F = Experience gained in this place divided by the number of levels of this place that you have seen.
                   A       B       C       D       E      F
               +-------+-------+-------+-------+-------+----------------------
         Total | 100.0 | 100.0 |   N/A |   N/A | 100.0 |  24.5
       Dungeon | 100.0 | 100.0 |   N/A |   N/A | 100.0 |  24.5
               +-------+-------+-------+-------+-------+----------------------

Vault maps used:
D:1:      dpeg_arrival_prison
D:3:      first_bread, serial_glass, glass_columns_a, glass_columns_c,
          glass_columns_a, glass_columns_a, lemuel_old_faithful
D:4:      grunt_temple_overflow_lords_of_destruction, serial_shops,
          nicolae_shop_behind_doors, hangedman_abyss_or_decor_stagger,
          nrook_loot_triangle
